 Dungeon Crawl Stone Soup version 0.18-a0-1805-g8ab820f (webtiles) character file.

1687 Zhenya25pyc the Cudgeler (level 9, -3/56 HPs)
             Began as a Gargoyle Fighter on Apr 25, 2016.
             Was a Follower of Okawaru.
             Killed by divine providence
             ... invoked by an orc priest
              (13 damage)
             ... on level 8 of the Dungeon.
             The game lasted 00:20:22 (6130 turns).

Zhenya25pyc the Cudgeler (Gargoyle Fighter)         Turns: 6130, Time: 00:20:23

Health: -3/56      AC: 21    Str: 23    XL:     9   Next: 2%
Magic:  9/9        EV:  5    Int:  8    God:    Okawaru [*.....]
Gold:   378        SH: 10    Dex: 10    Spells: 0 memorised, 8 levels left

rFire  . . .     SeeInvis .     a - +0 flail
rCold  . . .     Gourm    .     G - +0 plate armour
rNeg   + . .     Faith    .     c - +0 shield
rPois  ∞         Spirit   .     u - +0 helmet
rElec  +         Dismiss  .     (no cloak)
rCorr  .         Reflect  .     r - +0 pair of gloves
SustAt .         Harm     .     (no boots)
MR     .....                    (no amulet)
Stlth  ..........               (no ring)
                                j - ring of wizardry

@: not resistant to hostile enchantments, extremely unstealthy
A: negative energy resistance 1, electricity resistance, unbreathing,
petrification resistance, rot immunity, AC +5
a: Heroism, Renounce Religion


You were on level 8 of the Dungeon.
You worshipped Okawaru.
Okawaru was aware of your devotion.
You were not hungry.

You visited 2 branches of the dungeon, and saw 9 of its levels.

You collected 448 gold pieces.
You spent 70 gold pieces at shops.

Inventory:

Hand Weapons
 a - a +0 flail (weapon)
Armour
 c - a +0 shield (worn)
 r - a +0 pair of gloves (worn)
 u - a +0 helmet (worn)
 G - a +0 plate armour (worn)
Jewellery
 j - a ring of wizardry (left hand)
Wands
 C - a wand of teleportation (3/9)
Scrolls
 g - 14 scrolls of identify
 i - a scroll of fog {unknown}
 k - 4 scrolls of enchant weapon {unknown}
 l - 2 scrolls of enchant armour {unknown}
 q - a scroll of blinking {unknown}
 t - 2 scrolls of recharging {unknown}
 y - a scroll of fear {unknown}
 A - a scroll of teleportation {unknown}
 B - 4 scrolls of remove curse
Potions
 d - a potion of might
 e - a potion of lignification {unknown}
 h - 2 potions of heal wounds {unknown}
 n - a potion of haste {unknown}
 o - 3 potions of curing {unknown}
 p - 3 potions of ambrosia {unknown}
 s - a potion of brilliance {unknown}
 v - 2 potions of mutation {unknown}
Books
 w - Vehumet's Tome of Arcane Weapons
   (You found it on level 3 of the Dungeon)

   Spells                             Type                      Level
   a - Magic Dart                     Conjuration                  1
Comestibles
 f - 4 bread rations
 m - 2 meat rations
 x - 9 fruits
 z - a slice of pizza


   Skills:
 + Level 6.6 Fighting
 * Level 7.1 Maces & Flails
 + Level 6.5 Armour
 + Level 6.2 Shields


You had 8 spell levels left.
You didn't know any spells.

Dungeon Overview and Level Annotations

Branches:
Dungeon (8/15)             Temple (1/1) D:7
   Lair: D:8-11

Altars:
Cheibriados
Elyvilon
Fedhas
Gozag
Kikubaaqudgha
Makhleb
Okawaru
Pakellas
Qazlal
Ru
Sif Muna
Vehumet
Yredelemnul
The Shining One

Shops:
D:4 ?


Innate Abilities, Weirdness & Mutations

You are resistant to torment.
Your stone body is resilient (AC +5).
You are immune to poison.
You resist negative energy.
You are resistant to electric shocks.
You can survive without breathing.
You are immune to petrification.
You are immune to rotting.


Message History

The troll is severely wounded.
You block the troll's attack. The troll claws you.
* * * LOW HITPOINT WARNING * * *
The troll claws you but does no damage.
Your plate armour prevents you from hitting the troll.
The troll is heavily wounded.
You block the troll's attack. The troll barely misses you.
The troll claws you but does no damage.
You hit the troll but do no damage.
The troll is heavily wounded.
You block the troll's attack. The troll completely misses you.
You block the troll's attack.
You hit the troll.
The troll is heavily wounded.
The troll completely misses you. The troll claws you.
* * * LOW HITPOINT WARNING * * *
You block the troll's attack.
The orc priest calls down the wrath of Beogh upon you.
Beogh smites you!
You die...

.......# ##.###
#..## ##..# .####..#
#....###..# #.# ..#
#......#......## .#
...
.....######..#######
...... ##........
...... #........
#.... ##.######.
#.....######(.#
#.?ggoT@((#
...g#####...# .
......# #...##.... .
..#.# #.. .### .##
.# # .... # #. ....
. ...#


You could see a troll, an orc priest and 3 gnolls.

Vanquished Creatures
  Eustachio (D:6)
  An orc warrior (D:8)
  An ice beast (D:6)
  A phantom (D:6)
  3 sky beasts
  2 ogres
  2 centaurs
  A scorpion (D:3)
  2 howler monkeys
  A crimson imp (D:6)
  A centaur skeleton (D:8)
  3 hounds
  An orc wizard (D:5)
  An iguana (D:7)
  7 worker ants
  A hound skeleton (D:5)
  6 adders
  A shadow imp (D:8)
  2 worms
  A dart slug (D:1)
  5 giant geckos
  13 orcs
  3 giant cockroaches
  8 goblins
  5 hobgoblins
  15 jackals
  2 quokkas (D:2)
  2 ball pythons
  10 bats
  A giant newt (D:2)
  10 kobolds
  7 rats
120 creatures vanquished.

Notes
Turn   | Place    | Note
--------------------------------------------------------------
     0 | D:1      | Zhenya25pyc the Gargoyle Fighter began the quest for the Orb.
     0 | D:1      | Reached XP level 1. HP: 14/14 MP: 1/1
    74 | D:1      | Reached XP level 2. HP: 8/19 MP: 2/2
   443 | D:1      | Reached XP level 3. HP: 20/23 MP: 3/3
  1198 | D:2      | Reached XP level 4. HP: 27/29 MP: 4/4
  1396 | D:3      | Found an opulent altar of Gozag.
  1403 | D:3      | Found a white marble altar of Elyvilon.
  1553 | D:3      | Reached skill level 3 in Maces & Flails
  1601 | D:3      | Found a deep blue altar of Sif Muna.
  1602 | D:3      | Found an ancient bone altar of Kikubaaqudgha.
  1602 | D:3      | Found a radiant altar of Vehumet.
  1609 | D:3      | Identified Vehumet's Tome of Arcane Weapons
  2041 | D:3      | Reached XP level 5. HP: 25/33 MP: 5/5
  2475 | D:4      | Noticed an ogre
  2485 | D:5      | Entered Level 5 of the Dungeon
  2491 | D:5      | Reached XP level 6. HP: 3/39 MP: 6/6
  2495 | D:5      | Reached skill level 4 in Maces & Flails
  2943 | D:4      | Found Odaxtiph's Magic Scroll Emporium.
  2948 | D:4      | Bought a scroll of identify for 28 gold pieces
  2948 | D:4      | Bought a scroll of remove curse for 42 gold pieces
  3085 | D:5      | Reached XP level 7. HP: 44/44 MP: 7/7
  3345 | D:5      | Reached skill level 5 in Fighting
  3496 | D:5      | Found a stormy altar of Qazlal.
  3496 | D:5      | Found an oddly glowing altar of Pakellas.
  3845 | D:6      | Reached skill level 5 in Armour
  3881 | D:6      | Reached skill level 5 in Maces & Flails
  3992 | D:6      | Reached skill level 5 in Shields
  4362 | D:6      | Noticed Eustachio
  4381 | D:6      | Reached XP level 8. HP: 36/51 MP: 8/8
  4470 | D:6      | Killed Eustachio
  4470 | D:6      | Reached skill level 6 in Maces & Flails
  4651 | D:7      | Found a burning altar of Makhleb.
  4750 | D:7      | Found a staircase to the Ecumenical Temple.
  4805 | Temple   | Entered the Ecumenical Temple
  4889 | Temple   | Became a worshipper of Warmaster Okawaru
  5037 | D:7      | Found a basalt altar of Yredelemnul.
  5957 | D:8      | Reached * piety under Okawaru
  6097 | D:8      | Reached skill level 7 in Maces & Flails
  6100 | D:8      | Noticed a troll
  6111 | D:8      | Reached XP level 9. HP: 51/56 MP: 9/9
  6130 | D:8      | Killed from afar by an orc priest

Vault maps used:
D:1:      lightli_arrival_flooded_house
D:2:      first_bread
D:3:      kennysheep_big_flooded_room, grunt_temple_overflow_magic_moments,
          grunt_temple_overflow_open
D:4:      serial_shops, shop, serial_park_tiny_pond
D:5:      gammafunk_temple_overflow_wave
D:6:      kennysheep_decorative_pillar, uniq_eustachio
D:7:      bloody_makhleb, minmay_temple_entry_glassed_door, basic_altar
D:8:      grunt_temple_overflow_diamond, lair_0_dummy, tgw_fedhas
Temple:   circular_temple_6

Skill      XL: |  1  2  3  4  5  6  7  8 |
---------------+-------------------------+-----
Armour         | 4 5 6 |  6.5
Maces & Flails | 3 4 5 7 |  7.1
Shields        | 4 5 6 |  6.2
Fighting       | 4 5 6 |  6.6

Action                   |  1- 3 |  4- 6 |  7- 9 || total
-------------------------+-------+-------+-------++-------
Melee: Flail             |   217 |   192 |   330 ||   739
  Eat: Chunk             |     1 |     6 |    10 ||    17
       Beef jerky        |       |       |     1 ||     1
Armor: Scale mail        |   140 |   124 |   127 ||   391
       Plate armour      |       |       |    60 ||    60
Dodge: Dodged            |    90 |    74 |    81 ||   245
Block: Shield            |   157 |   114 |   171 ||   442
